 Dungeon Crawl Stone Soup version 0.26-a0-812-g31a745ddcd (webtiles) character file.

Game seed: 3878704292786160142

67 EnegeticOcto the Sneak (level 4, -1/26 HPs)
             Began as a Kobold Brigand on Nov 14, 2020.
             Slain by a worker ant (6 damage)
             ... on level 2 of the Dungeon.
             The game lasted 00:01:00 (1102 turns).

EnegeticOcto the Sneak (Kobold Brigand)             Turns: 1102, Time: 00:01:01

Health: -1/26      AC:  2    Str:  4    XL:     4   Next: 38%
Magic:  4/4        EV: 14    Int: 12    God:
Gold:   94         SH:  0    Dex: 21    Spells: 3/3 levels left

rFire    . . .     SeeInvis +   p - +8 rapier of Siasun {vorpal, rPois Dex+4 SInv}
rCold    . . .     Faith    .   (shield restricted)
rNeg     . . .     Spirit   .   b - +0 robe
rPois    +         Reflect  .   (no helmet)
rElec    .         Harm     .   q - scarf {shadows}
rCorr    .         Rampage  .   (no gloves)
MR       .....                  (no boots)
Stlth    +++++.....             (no amulet)
HPRegen  0.08/turn              s - -4 ring of strength (curse)
MPRegen  0.09/turn              (no ring)

@: no status effects
A: small, nightstalker 3
a: no special abilities


You were on level 2 of the Dungeon.
You visited 1 branch of the dungeon, and saw 2 of its levels.

You collected 94 gold pieces.

Inventory:

Hand Weapons
 a - a +2 dagger
 k - a +0 dagger of venom
   (You took it off a kobold on level 1 of the Dungeon)
 p - the +8 rapier of Siasun (weapon) {vorpal, rPois Dex+4 SInv}
   (You found it on level 1 of the Dungeon)

   It inflicts extra damage upon your enemies.
   It affects your dexterity (+4).
   It protects you from poison.
   It lets you see invisible.
Missiles
 d - 16 poisoned darts (quivered)
 e - 2 curare-tipped darts
Armour
 b - a +0 robe (worn)
 c - a +0 cloak
 q - a scarf of shadows (worn)
   (You found it on level 1 of the Dungeon)
Jewellery
 s - a cursed -4 ring of strength (left hand)
   (You found it on level 2 of the Dungeon)
Scrolls
 g - 3 scrolls of teleportation {unknown}
 h - a scroll of magic mapping {unknown}
 j - 2 scrolls of fear {unknown}
 l - a scroll of remove curse {unknown}
 o - a scroll of random uselessness {unknown}
 r - a scroll of identify {unknown}
Potions
 f - a potion of lignification {unknown}
 i - a potion of might {unknown}
 m - a potion of curing {unknown}
 n - a potion of brilliance {unknown}
 t - a potion of berserk rage {unknown}


   Skills:
 - Level 2.1 Fighting
 + Level 4.4 Short Blades
 - Level 2.1 Throwing
 - Level 1.2 Dodging
 + Level 6.6 Stealth


You had 3 spell levels left.
You didn't know any spells.
Your spell library was empty.

Dungeon Overview and Level Annotations

Branches:
Dungeon (2/15)

Altars:

Annotations:
D:2 1 transporter


Innate Abilities, Weirdness & Mutations

You are small and have problems with some larger weapons.
You are completely attuned to the shadows.


Message History

s - a cursed -4 ring of strength (left hand)
t - a coppery potion A frilled lizard comes into view.
A frilled lizard is nearby!
You hit the frilled lizard.
You kill the frilled lizard!
No target in view!
No target in view!
No target in view!
No target in view!
No target in view!
There is a stone staircase leading down here.
A rat comes into view.
A rat is nearby!
The rat misses you.
You completely miss the rat. The rat closely misses you.
You hit the rat but do no damage.
The kobold shouts!
The rat closely misses you.
You puncture the rat!
You kill the rat!
No reachable target in view!
No reachable target in view!
No reachable target in view!
Found a chain mail.
A dart slug comes into view.
The dart slug launches a dart at you. The slug dart misses you.
You puncture the dart slug!
You kill the dart slug!
No target in view!
No target in view!
No target in view!
No target in view!
No target in view!
No target in view!
Found 20 sling bullets.
You see here 20 sling bullets.
A rat comes into view.
The helpless rat fails to defend itself.
You spit the rat like a pig!!!
You kill the rat!
No target in view!
No target in view!
No target in view!
No target in view!
No target in view!
No target in view!
No target in view!
You now have 94 gold pieces (gained 8).
Found a helmet.
You see here a helmet.
An adder comes into view.
A kobold comes into view. It is wielding a +0 dagger.
Found 9 arrows.
A leopard gecko, a ball python and a worker ant come into view.
The adder hisses angrily.
The kobold shouts!
There is a large open door here.
You closely miss the worker ant. The adder bites you.
The worker ant barely misses you. The adder misses you.
The ball python misses you. The ball python barely misses you.
You puncture the worker ant!
The worker ant is heavily wounded.
The worker ant bites you. The adder barely misses you.
The ball python barely misses you. The ball python misses you.
The worker ant completely misses you. The kobold completely misses you.
You hit the worker ant.
The worker ant is almost dead.
The adder misses you. The ball python completely misses you.
The ball python grabs you. The ball python constricts you.
The worker ant bites you! The kobold hits you but does no damage.
You are too injured to fight recklessly!
You are too injured to fight recklessly!
You are too injured to fight recklessly!
You are too injured to fight recklessly!
You escape the ball python's grasp.
The kobold completely misses you. The adder barely misses you.
The adder closely misses you.
You hit the adder.
The adder is moderately wounded.
The adder misses you.
You hit the adder but do no damage.
The adder is moderately wounded.
The adder misses you.
You puncture the adder!
You kill the adder!
The ball python misses you. The ball python barely misses you.
You hit the ball python.
You kill the ball python!
The leopard gecko bites you.
You hit the leopard gecko.
You kill the leopard gecko!
You hit the worker ant but do no damage.
The worker ant is almost dead.
The worker ant bites you!
* * * LOW HITPOINT WARNING * * *
You completely miss the worker ant.
The worker ant is almost dead.
The worker ant bites you.
You die...

#...# ### #...#
..#########...#
..............####
..................
..............####
..#########...#
#...#######
#.....@BK[#
#########.## #.K#
#B'# ..l....
.(..... ..≈≈...


You could see a worker ant and a kobold.

Vanquished Creatures
  3 adders (D:2)
  A dart slug (D:2)
  2 leopard geckos
  5 goblins (D:1)
  6 hobgoblins
  4 jackals (D:1)
  A ball python (D:2)
  3 bats
  A frilled lizard (D:2)
  5 kobolds (D:1)
  5 rats
36 creatures vanquished.

Notes
Turn   | Place    | Note
-------+----------+-------------------------------------------
     0 | D:1      | EnegeticOcto the Kobold Brigand began the quest for the
                  | Orb.
     0 | D:1      | Reached XP level 1. HP: 12/12 MP: 1/1
   114 | D:1      | Reached skill level 3 in Short Blades
   158 | D:1      | Reached XP level 2. HP: 17/17 MP: 2/2
   455 | D:1      | Reached XP level 3. HP: 21/21 MP: 3/3
   508 | D:1      | Reached skill level 6 in Stealth
   861 | D:1      | Got an ancient rapier
   861 | D:1      | Identified the +8 rapier of Siasun {vorpal, rPois Dex+4
                  | SInv} (You found it on level 1 of the Dungeon)
   930 | D:2      | Reached skill level 4 in Short Blades
   949 | D:2      | Found a transporter.
   970 | D:2      | Reached XP level 4. HP: 26/26 MP: 4/4
  1102 | D:2      | Slain by a worker ant

Illustrated notes

Levels and vault maps discovered:
D:1:      lemuel_arrival_behind_the_door_small, layout_rooms,
          minmay_misc_feat_more_columns, minivault_5, minmay_tromino_v4_c
D:2:      layout_basic, chequers_temple_overflow_statue_of_worship,
          gammafunk_temple_overflow_arena, kennysheep_generic_room_7

Skill      XL: |  1  2  3 |
---------------+----------+-----
Short Blades   | 3 4 |  4.4
Stealth        | 6 |  6.6
Fighting       | |  2.1
Throwing       | |  2.1
Dodging        | |  1.2

Action                   |  1- 3 |  4- 6 || total
-------------------------+-------+-------++-------
Melee: Dagger            |    45 |       ||    45
       Rapier            |     7 |    19 ||    26
 Stab: Sleeping          |    13 |     1 ||    14
Armor: Robe              |     6 |     2 ||     8
Dodge: Dodged            |    33 |    25 ||    58

Table legend: (Time is in decaauts)
 A = Elapsed time spent in this place.
 B = Non-inter-level travel time spent in this place.
 C = Inter-level travel time spent in this place.
 D = Time resting spent in this place.
 E = Time spent auto-exploring this place.
 F = Levels seen in this place.
 G = Mean time per level.
                   A        B        C        D        E       F      G
               +--------+--------+--------+--------+--------+-----+--------+
         Total |   1092 |    967 |    125 |      0 |    786 |   2 |  546.0 |
       Dungeon |   1092 |    967 |    125 |      0 |    786 |   2 |  546.0 |
               +--------+--------+--------+--------+--------+-----+--------+

Top non-repeatable levels by time:
     D:1: 917 daAuts
     D:2: 175 daAuts
